 Dungeon Crawl Stone Soup version 0.20.1-1-g8b1a95d (webtiles) character file.

87 HelpMeObiWan the Sneak (level 4, 0/23 HPs)
             Began as a Spriggan Assassin on Nov 1, 2017.
             Slain by a worker ant (5 damage)
             ... on level 4 of the Dungeon.
             The game lasted 00:03:55 (3100 turns).

HelpMeObiWan the Sneak (Spriggan Assassin)          Turns: 3100, Time: 00:03:55

Health: 0/23       AC:  4    Str:  8    XL:     4   Next: 28%
Magic:  5/5        EV: 17    Int: 12    God:
Gold:   119        SH:  0    Dex: 17    Spells: 3/3 levels left

rFire    . . .     SeeInvis +   a - +2 dagger
rCold    . . .     Gourm    .   (shield restricted)
rNeg     . . .     Faith    .   c - +0 robe
rPois    +         Spirit   .   q - +1 hat
rElec    .         Reflect  .   d - +0 cloak
rCorr    .         Harm     .   (gloves unavailable)
MR       +....                  (boots unavailable)
Stlth    +++.......             (no amulet)
Regen    0.1/turn               o - ring of protection from magic
MPRegen  0.1/turn               y - ring of poison resistance

@: lethally poisoned (0 -> -3), very quick
A: unfitting armour, see invisible, herbivore 3, speed 3, slow metabolism 2
a: no special abilities


You were on level 4 of the Dungeon.
You were not hungry.

You visited 1 branch of the dungeon, and saw 4 of its levels.

You collected 119 gold pieces.

Inventory:

Hand Weapons
 a - a +2 dagger (weapon)
 b - a +0 blowgun
Missiles
 e - 14 poisoned needles
 f - a curare-tipped needle
 j - 86 stones (quivered)
Armour
 c - a +0 robe (worn)
 d - a +0 cloak (worn)
 q - a +1 hat (worn)
Jewellery
 o - a ring of protection from magic (left hand)
 y - a ring of poison resistance (right hand)
Scrolls
 h - 3 scrolls of remove curse {unknown}
 k - a scroll of random uselessness {unknown}
 l - 3 scrolls of teleportation {unknown}
 m - 3 scrolls of amnesia {unknown}
 n - 6 scrolls of identify {unknown}
 r - a scroll of enchant weapon {unknown}
 u - a scroll of blinking {unknown}
Potions
 i - a potion of mutation {unknown}
 p - a potion of brilliance {unknown}
 s - 2 potions of might
 t - a potion of cancellation
 v - a potion of flight {unknown}
 w - a potion of heal wounds {unknown}
 z - a potion of agility {unknown}
 A - a potion of degeneration {unknown}
Comestibles
 g - 3 bread rations
 x - a royal jelly
 B - 4 fruits


   Skills:
 + Level 2.1 Fighting
 * Level 4.1 Short Blades
 + Level 2.6 Throwing
 + Level 1.9 Dodging
 - Level 5.8 Stealth


You had 3 spell levels left.
You didn't know any spells.

Dungeon Overview and Level Annotations

Branches:
Dungeon (4/15)
 Temple: D:4-7

Altars:
Yredelemnul


Innate Abilities, Weirdness & Mutations

You are very small and have problems with some larger weapons.
You are too small for most types of armour.
You have supernaturally acute eyesight. (SInv)
You are a herbivore.
You cover ground extremely quickly.
You need consume almost no food.


Message History

You feel sick.
It was a potion of cancellation.
Your magical effects are unravelling.
You feel magically purged.
You feel a little less mighty now.
Found 5 gold pieces.
Found a stone staircase leading down.
A frilled lizard comes into view.
You feel sick.
Found a potion of might.
You feel sick.
You see here 5 gold pieces.
You now have 119 gold pieces (gained 5).
The frilled lizard hisses angrily.
The frilled lizard closely misses you.
You hit the frilled lizard.
The frilled lizard is heavily wounded.
You feel sick.
The frilled lizard bites you but does no damage.
The worker ant bites you.
You die...

#.### ##..(..## #.#
##...## #.# ##'##
#.. #.# .####### #.#
#### ##.....##
##.###...
##.......###...#....
#..l.>....#.........
#.♣@....♣.##...#....
#...a.....###.###...
##..♣.♣.............
##.....#####.#####.
#.....# #.# ##
#...#.# #.# #
#....!# #.# #
####### #.# #.#


You could see a worker ant and a frilled lizard.

Vanquished Creatures
  A bullfrog skeleton (D:4)
  A gnoll (D:1)
  2 worms
  2 leopard geckos (D:2)
  3 giant cockroaches
  8 goblins
  5 hobgoblins
  6 kobolds
  A quokka (D:2)
  7 bats
  4 frilled lizards
  3 rats
  A spectral orc (D:2)
44 creatures vanquished.

Notes
Turn   | Place    | Note
-------+----------+-------------------------------------------
     0 | D:1      | HelpMeObiWan the Spriggan Assassin began the quest for the Orb.
     0 | D:1      | Reached XP level 1. HP: 10/10 MP: 2/2
   272 | D:1      | Reached XP level 2. HP: 15/15 MP: 3/3
  1183 | D:1      | Reached XP level 3. HP: 6/18 MP: 4/4
  2300 | D:2      | Found a basalt altar of Yredelemnul.
  2490 | D:3      | Noticed a big kobold
  2883 | D:4      | Reached XP level 4. HP: 23/23 MP: 5/5
  2915 | D:4      | Noticed an ogre
  3100 | D:4      | Slain by a worker ant

Skill      XL: |  1  2  3 |
---------------+----------+-----
Short Blades   | 3 4 |  4.1
Fighting       | 2 |  2.1
Throwing       | |  2.6
Dodging        | |  1.9
Stealth        | |  5.8

Action                   |  1- 3 |  4- 6 || total
-------------------------+-------+-------++-------
Melee: Dagger            |   138 |    11 ||   149
 Fire: Blowgun           |    19 |     3 ||    22
  Use: Potion            |       |     2 ||     2
 Stab: Sleeping          |     9 |       ||     9
Armor: Robe              |    21 |     1 ||    22
Dodge: Dodged            |    89 |     8 ||    97
